 Dungeon Crawl Stone Soup version 0.30-a0-29-g142975f185 (webtiles) character file.

Game seed: 15692389716823389551

1 AttackTheMoon the Trooper (level 1, -1/11 HPs)
             Began as a Vine Stalker Fighter on Aug 26, 2022.
             Slain by a rat (2 damage)
             ... on level 1 of the Dungeon.
             The game lasted 00:01:16 (60 turns).

AttackTheMoon the Trooper (Vine Stalker Fighter)      Turns: 60, Time: 00:01:17

Health: -1/11      AC:  6    Str: 18    XL:     1   Next: 20%
Magic:  0/2        EV:  9    Int:  8    God:
Gold:   4          SH:  4    Dex: 13    Spells: 0/0 levels left

rFire   . . .      SeeInvis .      - Unarmed
rCold   . . .      Faith    .    b - +0 buckler
rNeg    . . .      Spirit   +    a - +0 scale mail
rPois   .          Reflect  .    (no helmet)
rElec   .          Harm     .    (no cloak)
rCorr   .          Rampage  .    (no gloves)
Will    .....                    (no boots)
Stlth   ..........               (no amulet)
HPRegen 0.03/turn                (no ring)
MPRegen 0.08/turn                (no ring)

@: no status effects
A: fangs 2, magic shield, antimagic bite, no potion heal 2
a: no special abilities


You were on level 1 of the Dungeon.
You visited 1 branch of the dungeon, and saw 1 of its levels.

You collected 4 gold pieces.

Inventory:

Armour
 a - a +0 scale mail (worn)
 b - a +0 buckler (worn)
Potions
 c - a potion of might


   Skills:
 + Level 2.7 Fighting
 + Level 2.4 Armour
 + Level 2.7 Shields
 + Level 2.0 Unarmed Combat


You couldn't memorise any spells.
You didn't know any spells.
Your spell library was empty.

Dungeon Overview and Level Annotations

Branches:
Dungeon (1/15)

Altars:


Innate Abilities, Weirdness & Mutations

You have extremely sharp teeth.
When hurt, damage is shared between your health and your magic reserves.
Your bite disrupts and absorbs the magic of your enemies.
Potions cannot restore your health.


Message History

The rat barely misses you. The rat misses you.
The rat bites you but does no damage. x2
The rat bites you but does no damage. The rat closely misses you.
You block the rat's attack. The rat closely misses you. The rat misses you.
The rat bites you but does no damage. The rat barely misses you.
The rat closely misses you. The rat bites you but does no damage.
The rat bites you but does no damage. The rat bites you.
You block the rat's attack. The rat barely misses you. x3
The rat bites you but does no damage. The rat bites you.
* * * LOW HITPOINT WARNING * * *
You block the rat's attack. The rat bites you but does no damage.
You block the rat's attack. x2
The rat bites you but does no damage. You block the rat's attack.
The rat bites you but does no damage.
The rat bites you but does no damage. x3
The rat bites you but does no damage. The rat closely misses you.
The rat bites you but does no damage. The rat bites you but does no damage.
You block the rat's attack. The rat closely misses you.
You block the rat's attack. x2; The rat bites you but does no damage.
The rat bites you but does no damage. The rat barely misses you. x2
The rat bites you.
* * * LOW HITPOINT WARNING * * *
The rat bites you.
* * * LOW HITPOINT WARNING * * *
The rat bites you but does no damage. The rat misses you.
The rat barely misses you. You block the rat's attack.
The rat bites you but does no damage. The rat closely misses you.
You block the rat's attack. The rat barely misses you.
The rat bites you but does no damage. The rat barely misses you.
The rat bites you but does no damage. x2; You block the rat's attack.
The rat closely misses you. You block the rat's attack.
The rat bites you but does no damage. You block the rat's attack.
The rat bites you but does no damage. x2
The rat bites you.
You die...

≈≈~~~~~.........#
###~~........~~~#
##......~~~~~~~
#.....~~~~~~≈≈
+....~~~≈≈~≈≈≈
#....~~~≈≈≈≈≈≈
##....~~≈~≈≈≈≈
≈#####....~~≈≈≈≈≈≈
~~≈≈~~.@r.~~~≈≈≈≈≈
~~≈≈~~.rr..~.≈~~~~
..~~.........~~~~~
#.................
..................
..##..........###.
# ##.........#
..........>


You could see 3 rats.

Vanquished Creatures
  A bat (D:1)
1 creature vanquished.

Notes
Turn   | Place    | Note
-------+----------+-------------------------------------------
     0 | D:1      | AttackTheMoon the Vine Stalker Fighter began the quest for
                  | the Orb.
     0 | D:1      | Reached XP level 1. HP: 11/11 MP: 2/2
    60 | D:1      | Slain by a rat

Illustrated notes

Levels and vault maps discovered:
D:1:      minmay_arrival_shoal_huts, layout_loops_ring,
          shapermc_ecumenical_altar_notcrosses

Action                   || total
-------------------------++-------
Melee: Unarmed           ||     1
Armor: Scale mail        ||    37
Dodge: Dodged            ||    32
Block: Buckler           ||    19

Table legend: (Time is in decaauts)
 A = Elapsed time spent in this place.
 B = Non-inter-level travel time spent in this place.
 C = Inter-level travel time spent in this place.
 D = Time resting spent in this place.
 E = Time spent auto-exploring this place.
 F = Levels seen in this place.
 G = Mean time per level.
                   A        B        C        D        E       F      G
               +--------+--------+--------+--------+--------+-----+--------+
         Total |     60 |     60 |      0 |      0 |     16 |   1 |   60.0 |
       Dungeon |     60 |     60 |      0 |      0 |     16 |   1 |   60.0 |
               +--------+--------+--------+--------+--------+-----+--------+

Top non-repeatable levels by time:
     D:1: 60 daAuts
